 Dungeon Crawl Stone Soup version 0.28.0-47-ge53b351184 (webtiles) character file.

Game seed: 14109047313151507339

1914 bobregger the Basher (level 9, -4/84 HPs)
             Began as an Ogre Berserker on May 4, 2022.
             Was a Priest of Trog.
             Slain by an unseen horror (7 damage)
             ... on level 7 of the Dungeon.
             The game lasted 00:11:26 (10497 turns).

bobregger the Basher (Ogre Berserker)              Turns: 10497, Time: 00:11:27

Health: -4/84      AC:  6    Str: 23    XL:     9   Next: 16%
Magic:  9/9        EV: 25    Int: 14    God:    Trog [***...]
Gold:   547        SH:  0    Dex: 12    Spells: 8/8 levels left

rFire   + . .      SeeInvis .   u - +1 giant spiked club
rCold   . . .      Faith    .   (shield currently unavailable)
rNeg    . . .      Spirit   .   b - +0 animal skin
rPois   .          Reflect  .   (helmet restricted)
rElec   .          Harm     .   h - +2 cloak
rCorr   +          Rampage  .   (gloves unavailable)
Will    .....                   (boots unavailable)
Stlth   +.........              p - amulet "Kifrar" {Acrobat rF+}
HPRegen 0.24/turn               i - ring of resist corrosion
MPRegen 0.11/turn               g - +6 ring of intelligence

@: on berserk cooldown, acrobatic
A: large, unfitting armour, tough skin 1, MP-powered wands
a: Renounce Religion, Berserk, Trog's Hand


You were on level 7 of the Dungeon.
You worshipped Trog.
Trog was most pleased with you.
You visited 1 branch of the dungeon, and saw 7 of its levels.
You also visited: Ossuary.

You collected 547 gold pieces.

Inventory:

Hand Weapons
 u - a +1 giant spiked club (weapon)
Armour
 b - a +0 animal skin (worn)
 h - a +2 cloak (worn)
Jewellery
 g - a +6 ring of intelligence (right hand)
 i - a ring of resist corrosion (left hand)
 p - the amulet "Kifrar" (around neck) {Acrobat rF+}
   (You found it on level 4 of the Dungeon)

   [amulet of the acrobat]

   It increases your evasion while moving and waiting.
   rF:        It protects you from fire.
Wands
 e - a wand of digging (9)
 k - a wand of mindburst (5)
 r - a wand of iceblast (5)
 s - a wand of acid (7)
Scrolls
 a - a scroll of immolation
 l - a scroll of vulnerability
 m - a scroll of identify
 q - a scroll of magic mapping


   Skills:
 - Level 4.0 Fighting
 + Level 11.0 Maces & Flails
 - Level 2.6 Dodging


You had 8 spell levels left.
You didn't know any spells.
Your spell library was empty.

Dungeon Overview and Level Annotations

Branches:
Dungeon (7/15)             Temple (0/1) D:5         Ossuary (visited)

Altars:
Dithmenos
Uskayaw
Zin

Shops:
D:5 (


Innate Abilities, Weirdness & Mutations

You are too large for most types of armour.
You have tough skin. (AC +1)
You expend magic power (3 MP) to strengthen your wands.


Message History

Something hits you but does no damage. Something hits you!
* * * LOW HITPOINT WARNING * * *
You feel your anger nearly subside. Something hits you!
* * * LOW HITPOINT WARNING * * *
You are no longer berserk.
You are exhausted.
You feel yourself slow down. Something completely misses you.
You feel better. Something hits you.
* * * LOW HITPOINT WARNING * * *
You feel better. Something hits you!
* * * LOW HITPOINT WARNING * * *
You feel better.
You feel the effects of Trog's Hand fading.
Something hits you but does no damage. Something hits you.
You feel better. Something hits you. x2
You feel better. Something hits you! Something hits you but does no damage.
It was a potion of cancellation.
Your magical effects are unravelling.
You feel magically purged.
You feel yourself speed up. Something hits you.
You barely miss something. Something hits you. x3
You closely miss something.
Your skin stops crawling.
You feel less strong-willed. Something hits you but does no damage.
Something hits you!
* * * LOW HITPOINT WARNING * * *
Something hits you but does no damage.
You miss something. Something hits you!
* * * LOW HITPOINT WARNING * * *
Something hits you.
* * * LOW HITPOINT WARNING * * *
Something closely misses you. Something hits you!
* * * LOW HITPOINT WARNING * * *
Something hits you.
* * * LOW HITPOINT WARNING * * *
Something hits you!
You die...

## #...##..# #...## .##
#..# ##.### #...# .## #.#
##..### #.... . #. ##....#
## .# . #..#### #.##. #.
#..# #.8## ###..# ....#
.###....## .....
#.[..##)@## #.8..
#....###..## #..
......###..##### ######..
##
..#..........#(.##.......
...##.#........#..........#
..###..##.......#.....#....
...#..###.................
#..........#.............
##.........#.............


There were no monsters in sight!

Vanquished Creatures
  Grinder (D:3)
  Edmund (D:4)
  A water moccasin (D:6)
  An orc warrior (D:6)
  A sky beast (D:5)
  An ogre (D:5)
  A bullfrog (D:7)
  4 scorpions
  3 killer bees
  A howler monkey (D:6)
  A bullfrog zombie (D:6)
  2 jellies
  2 centaur skeletons
  Crazy Yiuf (D:2)
  2 orc priests
  2 bullfrog skeletons
  Ijyb (D:3)
  An iguana (D:6)
  A scorpion zombie (D:5)
  3 orc wizards
  A howler monkey zombie (D:7)
  Robin (D:2)
  8 mummies (Ossuary)
  A howler monkey skeleton (D:5)
  6 adders
  A white imp (D:5)
  An ufetubus (D:5)
  2 worms (D:2)
  2 dart slugs
  23 orcs
  2 ball pythons
  6 endoplasms
  2 giant cockroaches (D:1)
  A gnoll zombie (Ossuary)
  25 goblins
  5 hobgoblins
  3 jackals (D:1)
  4 kobolds
  A quokka (D:3)
  2 bats
  8 frilled lizards
  A hobgoblin zombie (Ossuary)
  A kobold zombie (Ossuary)
  5 orc zombies (Ossuary)
  3 rats
146 creatures vanquished.

Vanquished Creatures (others)
  16 plants
  5 toadstools (D:1)
21 creatures vanquished.

Grand Total: 167 creatures vanquished

Notes
Turn   | Place    | Note
-------+----------+-------------------------------------------
     0 | D:1      | bobregger the Ogre Berserker began the quest for the Orb.
     0 | D:1      | Reached XP level 1. HP: 24/24 MP: 1/1
   147 | D:1      | Reached skill level 3 in Maces & Flails
   307 | D:1      | Reached XP level 2. HP: 29/32 MP: 2/2
  1115 | D:2      | Reached XP level 3. HP: 23/39 MP: 3/3
  1223 | D:2      | Found a hide-covered altar of Uskayaw.
  1321 | D:2      | Reached ** piety under Trog
  1366 | D:2      | Reached skill level 4 in Maces & Flails
  1445 | D:2      | Found a faded altar of an unknown god.
  1731 | D:2      | Found a runed translucent door.
  1732 | D:2      | Noticed Crazy Yiuf
  1820 | D:2      | Killed Crazy Yiuf
  1821 | D:2      | Reached XP level 4. HP: 48/48 MP: 4/4
  2450 | D:3      | Noticed Robin
  2521 | D:2      | Killed Robin
  2625 | D:3      | Reached skill level 5 in Maces & Flails
  2662 | D:3      | Noticed Grinder
  2686 | D:3      | Killed Grinder
  2687 | D:3      | Reached skill level 6 in Maces & Flails
  2687 | D:3      | Reached XP level 5. HP: 54/54 MP: 5/5
  2687 | D:3      | Reached XP level 6. HP: 62/62 MP: 6/6
  3234 | D:3      | Noticed Ijyb
  3238 | D:3      | Paralysed by Ijyb for 4 turns
  3246 | D:3      | Killed Ijyb
  3857 | D:4      | Found a sand-covered staircase.
  3871 | Ossuary  | Entered an ossuary
  3898 | Ossuary  | Reached skill level 7 in Maces & Flails
  3901 | Ossuary  | Reached XP level 7. HP: 70/70 MP: 7/7
  4878 | Ossuary  | Gained mutation: You expend magic power (3 MP) to
                  | strengthen your wands. [potion of mutation]
  4986 | D:4      | HP: 3/70 [poisoned by a scorpion]
  5391 | D:4      | Noticed Edmund
  5416 | D:4      | Killed Edmund
  5417 | D:4      | Reached skill level 8 in Maces & Flails
  5502 | D:4      | Identified the amulet "Kifrar" {Acrobat rF+}
  6141 | D:5      | Entered Level 5 of the Dungeon
  6151 | D:5      | Reached XP level 8. HP: 65/78 MP: 8/8
  6206 | D:5      | Found Muvuqyob's Weapon Shop.
  6263 | D:5      | Reached *** piety under Trog
  6641 | D:5      | Reached skill level 9 in Maces & Flails
  6954 | D:5      | Found a glowing silver altar of Zin.
  6954 | D:5      | Noticed an angel
  6987 | D:5      | Found a staircase to the Ecumenical Temple.
  7892 | D:6      | Found a shadowy altar of Dithmenos.
  8001 | D:6      | Reached skill level 10 in Maces & Flails
  9057 | D:6      | Reached XP level 9. HP: 17/84 MP: 9/9
 10326 | D:7      | Reached skill level 11 in Maces & Flails
 10495 | D:7      | HP: 4/84 [something (7)]
 10497 | D:7      | Slain by an unseen horror

Illustrated notes

Levels and vault maps discovered:
D:1:      minmay_arrival_split_and_join, layout_loops_corners,
          minmay_gold_behind_fungi
D:2:      layout_basic, shapermc_ecumenical_altar_acropolis, basic_altar,
          hangedman_feature_mirror, uniq_crazy_yiuf_cottage
D:3:      kennysheep_the_goblin_king, layout_loops_cross, serial_bayou_crossing,
          uniq_robin, uniq_grinder, uniq_ijyb
D:4:      layout_loops_ring, lightli_ossuary_entry_decrepit_ruins,
          chequers_big_river, uniq_edmund
D:5:      layout_basic, zin_angel, minmay_temple_entry_fiery, serial_shops,
          nicolae_take_the_stairs
D:6:      layout_loops_ring, kennysheep_mini
D:7:      layout_layer_cave, minitemple

Skill      XL: |  1  2  3  4  5  6  7  8  9 |
---------------+----------------------------+-----
Maces & Flails | 3 4 6 7 8 10 11 | 11.0
Fighting       | |  4.0
Dodging        | |  2.6

Action                   |  1- 3 |  4- 6 |  7- 9 || total
-------------------------+-------+-------+-------++-------
Melee: Mace              |    97 |   104 |       ||   201
       Punch             |     1 |     3 |     4 ||     8
       Club              |       |    51 |   270 ||   321
       Giant spiked club |       |       |    66 ||    66
Invok: Berserk           |     1 |     3 |    10 ||    14
       Trog's Hand       |       |     2 |     4 ||     6
Evoke: Wand              |       |       |     4 ||     4
  Use: Scroll            |       |     3 |    14 ||    17
       Potion            |       |       |    14 ||    14
Armor: Animal skin       |    34 |    58 |   114 ||   206
Dodge: Dodged            |    48 |   109 |   206 ||   363
